 Dungeon Crawl Stone Soup version 0.18.1-1-g2f07953 (webtiles) character file.

2286 namelastname112 the Conjurer (level 9, -2/74 HPs)
             Began as a Yellow Draconian Wizard on May 7, 2016.
             Was a Follower of Sif Muna.
             Slain by a spriggan baker
             ... wielding a +0 dagger
              (10 damage)
             ... on level 7 of the Dungeon.
             The game lasted 00:11:55 (6962 turns).

namelastname112 the Conjurer (DrWz)                 Turns: 6962, Time: 00:11:55

Health: -2/74      AC:  7    Str:  5    XL:     9   Next: 17%
Magic:  0/17       EV: 14    Int: 22    God:    Sif Muna [*.....]
Gold:   228        SH:  6    Dex: 12    Spells: 4 memorised, 9 levels left

rFire  . . .     SeeInvis +     C - staff of poison
rCold  . . .     Gourm    .     (armour unavailable)
rNeg   . . .     Faith    .     (no shield)
rPois  +         Spirit   .     a - +0 hat
rElec  .         Dismiss  .     (no cloak)
rCorr  +         Reflect  +     (no gloves)
SustAt .         Harm     .     (no boots)
MR     .....                    v - +6 amulet of reflection
Stlth  ++........               e - ring of see invisible
                                j - -2 ring of strength (curse)

@: short of breath, very slightly contaminated, drained, not resistant to
hostile enchantments, unstealthy
A: spit acid, acid resistance, unfitting armour, agile 1, blurry vision 1, weak
1, cold-blooded, AC +7
a: Spit Acid, Channel Energy, Renounce Religion


You were on level 7 of the Dungeon.
You worshipped Sif Muna.
Sif Muna was aware of your devotion.
You were very hungry.

You visited 2 branches of the dungeon, and saw 8 of its levels.

You collected 228 gold pieces.

Inventory:

Hand Weapons
 s - a +2 whip of electrocution
Armour
 a - a +0 hat (worn)
Magical Staves
 C - an uncursed staff of poison (weapon)
Jewellery
 e - a ring of see invisible (right hand)
 j - a cursed -2 ring of strength (left hand)
 v - a +6 amulet of reflection (around neck)
 F - an uncursed ring of sustain attributes
Wands
 y - a wand of iceblast (11/15)
 z - a wand of flame (19/48)
 B - a wand of polymorph (8/24)
 J - a wand of random effects (21/48)
Scrolls
 d - 8 scrolls of remove curse {unknown}
 f - 3 scrolls of enchant weapon {unknown}
 h - 4 scrolls of teleportation {unknown}
 i - 8 scrolls of identify {unknown}
 l - 4 scrolls of noise {unknown}
 n - a scroll of magic mapping {unknown}
 q - 2 scrolls of immolation {unknown}
 r - 2 scrolls of random uselessness {unknown}
 t - a scroll of recharging {unknown}
 w - 2 scrolls of enchant armour {unknown}
 A - a scroll of fog {unknown}
Potions
 k - a potion of heal wounds {unknown}
 o - 2 potions of ambrosia {unknown}
 p - 2 potions of lignification {unknown}
 u - 3 potions of brilliance {unknown}
 x - 2 potions of cancellation {unknown}
Books
 b - a book of Minor Magic

   Spells                             Type                      Level
   a - Magic Dart                     Conjuration                  1
   b - Blink                          Translocation                2
   c - Call Imp                       Summoning                    2
   d - Repel Missiles                 Charms/Air                   2
   e - Slow                           Hexes                        2
   f - Conjure Flame                  Conjuration/Fire             3
   g - Mephitic Cloud                 Conjuration/Poison/Air       3
 H - a book of Transfigurations

   Spells                             Type                      Level
   a - Irradiate                      Conjuration/Transmutation    5
   b - Statue Form                    Transmutation/Earth          6
   c - Hydra Form                     Transmutation                6
   d - Dragon Form                    Transmutation                7
 I - a book of Clouds

   Spells                             Type                      Level
   a - Mephitic Cloud                 Conjuration/Poison/Air       3
   b - Conjure Flame                  Conjuration/Fire             3
   c - Poisonous Cloud                Conjuration/Poison/Air       6
   d - Freezing Cloud                 Conjuration/Ice/Air          6
   e - Ring of Flames                 Charms/Fire                  7
Comestibles
 c - 6 bread rations
 D - a beef jerky
 E - 2 slices of pizza
 G - a meat ration


   Skills:
 + Level 5.5(5.3) Fighting
 + Level 4.9(4.7) Dodging
 - Level 1.7(1.5) Stealth
 + Level 5.4(5.1) Spellcasting
 * Level 7.4(7.1) Conjurations
   Level 1.0(0.7) Summonings
 - Level 1.0(0.7) Translocations
 * Level 0.6(0.3) Air Magic
 + Level 4.1(3.9) Invocations


You had 9 spell levels left.
You knew the following spells:

 Your Spells              Type           Power        Failure   Level  Hunger
c - Conjure Flame         Conj/Fire      ###.....     10%         3    ##.....
s - Mephitic Cloud        Conj/Pois/Air  ####....     12%         3    ##.....
x - Blink                 Tloc           N/A          12%         2    None
z - Magic Dart            Conj           ####         1%          1    None


Dungeon Overview and Level Annotations

Branches:
Dungeon (7/15)             Temple (1/1) D:4

Altars:
Ashenzari
Cheibriados
Elyvilon
Gozag
Makhleb
Pakellas
Qazlal
Ru
Sif Muna
Vehumet
Xom
Zin


Innate Abilities, Weirdness & Mutations

You can spit globs of acid.
You are resistant to acid.
Your golden yellow scales are hard (AC +7).
Your body does not fit into most forms of armour.
You are cold-blooded and may be slowed by cold attacks.
You are agile. (Dex +2)
Scrolls take you a little longer to read.
You are weak. (Str -2)


Message History

Press: ? - help, Shift-Dir - straight line, f/p - spriggan baker
Aim: a spriggan baker, wielding a dagger and wearing a robe (moderately wounded, covered in acid)
The puff of flame misses the spriggan baker.
Evoking this partially-identified wand wasted a few charges.
The spriggan baker hits you with a dagger.
* * * LOW HITPOINT WARNING * * *
You take 3 damage, and have 8/74 hp.
Casting: Blink
Confirm with . or Enter, or press ? or * to list all spells.
Aiming: Mephitic Cloud
Press: ? - help, Shift-Dir - straight line, f/p - spriggan baker
Aim: a spriggan baker, wielding a dagger and wearing a robe (moderately wounded, covered in acid)
You feel a surge of power!
The ball explodes into a vile cloud!
The stinking cloud engulfs the spriggan baker.
The spriggan baker is moderately wounded.
The stinking cloud engulfs the centaur zombie.
The stinking cloud engulfs you!
The spriggan baker is engulfed in noxious fumes.
The spriggan baker hits you with a dagger!
You die...

.. #..# .## #..#
..# #..# §.# #..#
..###..# ..##...#
###..#.#
.#..##.#### ###
.)........#### #@#
...#.........###i#
.#.#.........Z.ZZ#
...#.........Z####
.............#
.............#
####.<......$# #
##.......>%#
###.......####


You could see a spriggan baker, a centaur zombie and a howler monkey skeleton.

Vanquished Creatures
  The ghost of nikopol the Chopper, a novice HOBe of Trog (D:6)
  Sigmund (D:3)
  A water moccasin (D:6)
  An ogre (D:4)
  A centaur (D:6)
  A big kobold (D:7)
  3 giant frogs (D:6)
  A scorpion (D:7)
  7 wights (D:7)
  2 howler monkeys
  A crimson imp (D:5)
  2 centaur zombies
  3 hounds
  An orc priest (D:3)
  A jelly (D:6)
  2 orc wizards
  A giant frog skeleton (D:6)
  An iguana (D:6)
  7 worker ants
  A hound skeleton (D:6)
  9 adders
  2 shadow imps (D:6)
  2 adder zombies
  A worm (D:2)
  2 dart slugs (D:2)
  5 giant geckos
  7 orcs
  5 giant cockroaches
  7 goblins
  8 hobgoblins
  3 jackals (D:3)
  4 quokkas
  2 ball pythons
  6 bats
  5 giant newts
  7 kobolds
  2 quokka skeletons (D:6)
  9 rats
125 creatures vanquished.

Notes
Turn   | Place    | Note
--------------------------------------------------------------
     0 | D:1      | namelastname112 the Draconian Wizard began the quest for the Orb.
     0 | D:1      | Reached XP level 1. HP: 14/14 MP: 4/4
   175 | D:1      | Reached XP level 2. HP: 11/22 MP: 1/6
   461 | D:1      | Learned a level 2 spell: Blink
   482 | D:1      | Reached skill level 1 in Fighting
   854 | D:2      | Reached skill level 2 in Conjurations
   854 | D:2      | Reached XP level 3. HP: 10/28 MP: 0/7
  1121 | D:2      | Learned a level 3 spell: Mephitic Cloud
  1288 | D:2      | oplop: Namelastname112's ghost (novice White Draconian Conjurer) comes into view. It is wielding a weapon of chaos.
  1288 | D:2      | oplop: что ж ты делаешь, засранец
  1288 | D:2      | namelastname112: лол
  1288 | D:2      | namelastname112: удачт
  1288 | D:2      | namelastname112: удачи*
  1398 | D:2      | Reached XP level 4. HP: 20/36 MP: 5/8
  1724 | D:2      | Reached skill level 3 in Conjurations
  1914 | D:2      | oplop: Yehuk's ghost (novice Gargoyle Fighter) comes into view. It is wielding a weapon of venom.
  2092 | D:3      | oplop: сука, хуле у всех пушки брендовые
  2151 | D:3      | Reached XP level 5. HP: 5/41 MP: 0/10
  2462 | D:3      | Noticed Sigmund
  2473 | D:3      | epen: https://www.youtube.com/watch?v=Hca8LH4LSU8
  2608 | D:3      | Killed Sigmund
  2608 | D:3      | Reached skill level 4 in Conjurations
  2608 | D:3      | Reached XP level 6. HP: 50/50 MP: 5/11
  3786 | D:4      | Found a stormy altar of Qazlal.
  3830 | D:4      | Found an oddly glowing altar of Pakellas.
  4105 | D:4      | Reached skill level 5 in Conjurations
  4105 | D:4      | Your scales start taking on a golden yellow colour.
  4105 | D:4      | Reached XP level 7. HP: 48/57 MP: 9/12
  4259 | D:4      | Found a staircase to the Ecumenical Temple.
  4378 | Temple   | Entered the Ecumenical Temple
  4475 | Temple   | Became a worshipper of Sif Muna the Loreminder
  4609 | D:5      | Entered Level 5 of the Dungeon
  4646 | D:5      | Found a radiant altar of Vehumet.
  4935 | D:5      | Found a shattered altar of Ashenzari.
  4984 | D:5      | Found a glowing silver altar of Zin.
  5384 | D:5      | Found a white marble altar of Elyvilon.
  5512 | D:6      | Reached skill level 1 in Invocations
  5654 | D:6      | Learned a level 3 spell: Conjure Flame
  5709 | D:6      | Reached XP level 8. HP: 67/67 MP: 14/14
  5822 | D:6      | Reached skill level 6 in Conjurations
  5988 | D:6      | Noticed nikopol's ghost (novice HOBe)
  6000 | D:6      | Killed nikopol's ghost
  6000 | D:6      | Reached * piety under Sif Muna
  6000 | D:6      | Reached skill level 5 in Fighting
  6167 | D:6      | Reached skill level 5 in Spellcasting
  6204 | D:6      | Reached skill level 7 in Conjurations
  6574 | D:7      | Reached XP level 9. HP: 62/74 MP: 8/16
  6832 | D:7      | Found a shimmering altar of Xom.
  6956 | D:7      | Gained mutation: You are agile. (Dex +2) [potion of mutation]
  6956 | D:7      | Gained mutation: Scrolls take you a little longer to read. [potion of mutation]
  6956 | D:7      | Gained mutation: You are weak. (Str -2) [potion of mutation]
  6962 | D:7      | Slain by a spriggan baker

Skill      XL: |  1  2  3  4  5  6  7  8  9 |
---------------+----------------------------+-----
Dodging        | 2 3 4 |  4.9
Fighting       | 1 2 3 4 5 |  5.5
Conjurations   | 2 3 4 5 7 |  7.4
Spellcasting   | 4 5 |  5.4
Invocations    | 2 3 4 |  4.1
Stealth        | |  1.7
Summonings     | |  1.0
Translocations | |  1.0
Air Magic      | |  0.6

Action                   |  1- 3 |  4- 6 |  7- 9 || total
-------------------------+-------+-------+-------++-------
Melee: Short sword       |    72 |       |       ||    72
       Tailslap          |     5 |     5 |     8 ||    18
       Whip              |    18 |    56 |   111 ||   185
 Cast: Magic Dart        |    52 |    68 |   117 ||   237
       Mephitic Cloud    |       |     6 |     3 ||     9
       Blink             |       |     2 |     9 ||    11
       Conjure Flame     |       |       |     3 ||     3
Invok: Channel Energy    |       |       |     3 ||     3
 Abil: Spit Acid         |       |       |     2 ||     2
Evoke: Wand              |       |       |     1 ||     1
  Use: Potion            |     1 |       |     4 ||     5
 Stab: Sleeping          |     2 |     1 |     1 ||     4
       Confused          |       |     1 |       ||     1
  Eat: Chunk             |     1 |     9 |     4 ||    14
       Meat ration       |       |       |     1 ||     1
Armor: Skin              |    36 |    15 |    31 ||    82
Dodge: Dodged            |    70 |    35 |    86 ||   191
Block: Other             |       |       |    30 ||    30
       Reflection        |       |       |     4 ||     4
